 Dungeon Crawl Stone Soup version 0.21.1-1-g345015f (webtiles) character file.

1963 Greyaxe the Cleaver (level 9, -1/78 HPs)
             Began as a Minotaur Fighter on July 19, 2018.
             Slain by a wight
             ... wielding a +0 halberd
              (7 damage)
             ... on level 6 of the Dungeon.
             The game lasted 00:24:38 (5989 turns).

Greyaxe the Cleaver (Minotaur Fighter)              Turns: 5989, Time: 00:24:39

Health: -1/78      AC: 12    Str: 21    XL:     9   Next: 0%
Magic:  8/8        EV:  4    Int:  7    God:
Gold:   376        SH: 10    Dex: 11    Spells: 8/8 levels left

rFire    . . .     SeeInvis .   a - +1 war axe
rCold    . . .     Gourm    .   c - +0 shield
rNeg     . . .     Faith    .   n - +0 plate armour
rPois    .         Spirit   .   (helmet restricted)
rElec    .         Reflect  .   (no cloak)
rCorr    .         Harm     .   (no gloves)
MR       .....                  (no boots)
Stlth    ..........             (no amulet)
HPRegen  0.23/turn              (no ring)
MPRegen  0.11/turn              (no ring)

@: drained
A: retaliatory headbutt, horns 2
a: no special abilities


You were on level 6 of the Dungeon.
You were very hungry.

You visited 1 branch of the dungeon, and saw 6 of its levels.

You collected 376 gold pieces.

Inventory:

Hand Weapons
 a - a +1 war axe (weapon)
Armour
 b - a +0 scale mail
 c - a +0 shield (worn)
 e - a +0 helmet
 g - a +1 ring mail
 l - a +0 scale mail of poison resistance
 n - a +0 plate armour (worn)
Jewellery
 y - a cursed ring of teleportation {unknown}
Wands
 q - a wand of flame (26)
 s - a wand of disintegration (10)
 v - a wand of paralysis (4)
Scrolls
 i - 2 scrolls of fog
 j - 3 scrolls of amnesia
 k - 3 scrolls of immolation
 m - 5 scrolls of remove curse
 o - 4 scrolls of identify
 p - 3 scrolls of magic mapping
 t - a scroll of enchant weapon
 w - a scroll of acquirement {unknown}
 x - a scroll of blinking {unknown}
 B - a scroll of summoning {unknown}
Potions
 d - 3 potions of might
 h - a potion of heal wounds
 u - a potion of brilliance {unknown}
 z - a potion of invisibility {unknown}
 A - a potion of degeneration {unknown}
Books
 r - a book of Flames

   Spells                             Type                      Level
   a - Flame Tongue                   Conjuration/Fire             1
   b - Throw Flame                    Conjuration/Fire             2
   c - Conjure Flame                  Conjuration/Fire             3
   d - Inner Flame                    Hexes/Fire                   3
   e - Sticky Flame                   Conjuration/Fire             4
   f - Fireball                       Conjuration/Fire             5
Comestibles
 f - 6 rations


   Skills:
 + Level 6.6(5.7) Fighting
 + Level 9.6(8.6) Axes
 + Level 7.4(6.5) Armour
 + Level 1.0(0.2) Dodging
 + Level 0.3(0.0) Stealth
 + Level 6.7(5.8) Shields


You had 8 spell levels left.
You didn't know any spells.

Dungeon Overview and Level Annotations

Branches:
Dungeon (6/15)
 Temple: D:4-7

Altars:
Fedhas
Hepliaklqana
Nemelex Xobeh
Okawaru

Shops:
D:4 :


Innate Abilities, Weirdness & Mutations

You reflexively headbutt those who attack you in melee.
You have a pair of horns on your head.


Message History

You feel drained.
* * * LOW HITPOINT WARNING * * *
You block the wight's attack. You block the wight's attack. x2
You completely miss the wight. You block the wight's attack.
The wight hits you from afar with a trident.
* * * LOW HITPOINT WARNING * * *
The wight hits you but does no damage. The wight hits you but does no damage.
The wight hits you with a halberd.
* * * LOW HITPOINT WARNING * * *
You slash the wight! Your headbutt misses the wight.
The wight is heavily damaged.
The wight hits you but does no damage. You block the wight's attack.
You barely miss the wight.
The wight is heavily damaged.
The wight hits you but does no damage.
You closely miss the wight.
The wight is heavily damaged.
The wight hits you with a halberd!
You die...

#########
#.......####
#..........#
..#.♣.♣.#.#
##.........
##..♣)♣.♣.♣.#
#...)z)_....#
##..♣z♣.♣.♣.#.
##..@........
#.#.♣.♣.#.#
#.........#
##'####...##
##...###..##
##........##
##.......###
#.........#
+.....)...+


You could see 2 wights.

Vanquished Creatures
  Grinder (D:3)
  Sigmund (D:4)
  Eustachio (D:4)
  Duvessa (D:4)
  A phantom (D:6)
  2 centaurs
  Blork the orc (D:4)
  The ghost of poirepourri the Magician, an amateur DECj (D:4)
  A bullfrog (D:6)
  Dowan (D:4)
  A scorpion (D:4)
  3 wights (D:6)
  3 howler monkeys
  A bullfrog skeleton (D:6)
  A hound (D:5)
  A jelly (D:5)
  A centaur skeleton (D:6)
  3 iguanas
  4 worker ants
  An orc wizard (D:3)
  A worker ant zombie (D:6)
  Robin (D:3)
  7 gnolls
  A howler monkey skeleton (D:4)
  3 adders
  5 oozes
  2 adder skeletons (D:4)
  2 worms
  4 dart slugs
  5 leopard geckos
  4 orcs
  5 bats
  4 giant cockroaches
  21 goblins
  10 hobgoblins
  10 jackals
  9 kobolds
  3 quokkas
  5 frilled lizards
  A jackal zombie (D:6)
  11 rats
  A bush (D:4)
145 creatures vanquished.

Notes
Turn   | Place    | Note
-------+----------+-------------------------------------------
     0 | D:1      | Greyaxe the Minotaur Fighter began the quest for the Orb.
     0 | D:1      | Reached XP level 1. HP: 19/19 MP: 0/0
    45 | D:1      | Reached XP level 2. HP: 24/27 MP: 1/1
   470 | D:1      | Reached XP level 3. HP: 33/33 MP: 2/2
   479 | D:1      | Reached skill level 3 in Axes
  1023 | D:2      | Found a sparkling altar of Nemelex Xobeh.
  1473 | D:2      | Reached XP level 4. HP: 40/40 MP: 3/3
  1567 | D:2      | Found a blossoming altar of Fedhas.
  2215 | D:3      | Noticed Robin
  2229 | D:3      | Reached skill level 4 in Axes
  2247 | D:3      | Killed Robin
  2404 | D:3      | Reached XP level 5. HP: 41/47 MP: 4/4
  2805 | D:3      | Reached skill level 5 in Axes
  2814 | D:3      | Reached skill level 5 in Armour
  2873 | D:3      | Noticed Grinder
  2886 | D:3      | Paralysed by Grinder for 2 turns
  2893 | D:3      | Killed Grinder
  2893 | D:3      | Reached XP level 6. HP: 17/55 MP: 5/5
  3349 | D:4      | Found Diwareto's Book Shoppe.
  3379 | D:4      | Noticed poirepourri's ghost (amateur DECj)
  3397 | D:4      | Killed poirepourri's ghost
  3397 | D:4      | Reached skill level 5 in Fighting
  3677 | D:4      | Noticed Eustachio
  3688 | D:4      | Killed Eustachio
  3688 | D:4      | Reached skill level 6 in Axes
  3688 | D:4      | Reached skill level 5 in Shields
  3688 | D:4      | Reached XP level 7. HP: 59/61 MP: 6/6
  3784 | D:4      | Reached skill level 7 in Axes
  4284 | D:4      | Found a hazy altar of Hepliaklqana.
  4285 | D:4      | Noticed Blork the orc
  4300 | D:4      | Killed Blork the orc
  4300 | D:4      | Reached XP level 8. HP: 37/70 MP: 7/7
  4693 | D:4      | Noticed Dowan
  4695 | D:4      | Noticed Duvessa
  4708 | D:4      | Killed Duvessa
  4714 | D:4      | Killed Dowan
  4714 | D:4      | Reached skill level 8 in Axes
  5049 | D:4      | Noticed Sigmund
  5066 | D:4      | Killed Sigmund
  5066 | D:4      | Reached skill level 1 in Dodging
  5098 | D:5      | Entered Level 5 of the Dungeon
  5811 | D:6      | Reached skill level 9 in Axes
  5956 | D:6      | Found an iron altar of Okawaru.
  5976 | D:6      | Reached XP level 9. HP: 17/78 MP: 8/8
  5989 | D:6      | Slain by a wight

Skill      XL: |  1  2  3  4  5  6  7  8 |
---------------+-------------------------+-----
Armour         | 4 5 6 7 |  7.4
Fighting       | 4 5 6 |  6.6
Axes           | 3 4 5 6 7 9 |  9.6
Shields        | 4 5 6 |  6.7
Dodging        | 1 |  1.0
Stealth        | |  0.3

Action                   |  1- 3 |  4- 6 |  7- 9 || total
-------------------------+-------+-------+-------++-------
Melee: War axe           |   107 |   139 |   198 ||   444
       Headbutt          |    13 |    23 |    45 ||    81
  Use: Scroll            |     5 |     6 |       ||    11
       Potion            |     2 |     3 |       ||     5
  Eat: Ration            |     2 |     2 |       ||     4
       Chunk             |       |       |     2 ||     2
Armor: Scale mail        |    19 |    17 |       ||    36
       Ring mail         |    17 |       |       ||    17
       Plate armour      |       |    66 |    89 ||   155
Dodge: Dodged            |    27 |    27 |    22 ||    76
Block: Shield            |    67 |   110 |    94 ||   271
